 Dungeon Crawl Stone Soup version 0.19.4-8-ga85b6b9 (webtiles) character file.

10473 doot the Archer (level 11, -1/83 HPs)
             Began as a High Elf Hunter on Feb 11, 2017.
             Was a Priest of Yredelemnul.
             Slain by a four-headed hydra (10 damage)
             ... on level 9 of the Dungeon.
             The game lasted 01:23:39 (17748 turns).

doot the Archer (High Elf Hunter)                  Turns: 17748, Time: 01:23:45

Health: -1/83      AC: 13    Str: 12    XL:     11   Next: 36%
Magic:  21/21      EV: 17    Int: 15    God:    Yredelemnul [***...]
Gold:   294        SH:  0    Dex: 25    Spells: 0 memorised, 10 levels left

rFire  + . .     SeeInvis +     S - +0 long sword (flame)
rCold  . . .     Gourm    .     J - +1 leather armour of Cazeluxa {Dex+4}
rNeg   . . .     Faith    +     (no shield)
rPois  .         Spirit   .     K - +0 helmet
rElec  .         Reflect  .     q - +0 cloak
rCorr  .         Harm     .     X - +3 pair of gloves of the Imp {rF+ Slay+3}
MR     +....                    e - +0 pair of boots
Stlth  +++.......               w - amulet of faith
                                x - ring of magical power
                                L - ring of see invisible

@: no status effects
A: rugged brown scales 1, agile 1, blink, robust 1, screaming 1
a: Blink, Recall Undead Slaves, Injury Mirror, Animate Dead, Renounce Religion


You were on level 9 of the Dungeon.
You worshipped Yredelemnul.
Yredelemnul was most pleased with you.
You were not hungry.

You visited 4 branches of the dungeon, and saw 14 of its levels.
You also visited: Sewer.

You collected 547 gold pieces.
You spent 253 gold pieces at shops.

Inventory:

Hand Weapons
 a - the +7 great sword "Dourac" {slice, rPois}
   (You bought it in a shop on level 9 of the Dungeon)

   It inflicts extra damage upon your enemies.
   It protects you from poison.
 b - a +1 shortbow
 y - the +10 short sword "Pumei" {pierce, *Contam rF+++}
   (You found it on level 10 of the Dungeon)

   It inflicts extra damage upon your enemies.
   It renders you almost immune to fire.
   It causes magical contamination when unequipped.
 G - a +1 dagger of venom
 S - a +0 long sword of flaming (weapon)
 Z - a +3 rapier
Missiles
 d - 129 arrows
Armour
 e - a +0 pair of boots (worn)
 g - a +2 pair of gloves
 h - a +2 hat
 q - a +0 cloak (worn)
 t - a +0 shield
 J - the +1 leather armour of Cazeluxa (worn) {Dex+4}
   (You found it on level 4 of the Dungeon)

   It affects your dexterity (+4).
 K - a +0 helmet (worn)
 O - a +1 scale mail of cold resistance
 P - a +2 robe
 X - the +3 pair of gloves of the Imp (worn) {rF+ Slay+3}
   (You found it on level 9 of the Dungeon)

   It affects your accuracy and damage with ranged weapons and melee attacks
   (+3).
   It protects you from fire.
 Y - a +2 robe of positive energy
Jewellery
 p - an uncursed amulet of the gourmand {unknown}
 u - an uncursed amulet of harm
 w - an amulet of faith (around neck)
 x - a ring of magical power (right hand)
 L - a ring of see invisible (left hand)
Wands
 B - a wand of random effects (11/48)
 F - a wand of digging (12/24)
Scrolls
 i - 4 scrolls of remove curse
 n - 5 scrolls of identify
 o - a scroll of amnesia
 s - 3 scrolls of enchant armour
 N - 2 scrolls of recharging {unknown}
 T - a scroll of fear
 U - 3 scrolls of teleportation
Potions
 j - 2 potions of flight
 m - a potion of magic
 r - a potion of ambrosia
 v - a potion of might
 E - a potion of resistance {unknown}
Books
 C - a book of Minor Magic

   Spells                             Type                      Level
   a - Magic Dart                     Conjuration                  1
   b - Blink                          Translocation                2
   c - Call Imp                       Summoning                    2
   d - Repel Missiles                 Charms/Air                   2
   e - Slow                           Hexes                        2
   f - Conjure Flame                  Conjuration/Fire             3
   g - Mephitic Cloud                 Conjuration/Poison/Air       3
 V - a book of Cantrips

   Spells                             Type                      Level
   a - Confusing Touch                Hexes                        1
   b - Animate Skeleton               Necromancy                   1
   c - Summon Small Mammal            Summoning                    1
   d - Apportation                    Translocation                1
Miscellaneous
 c - a fan of gales
Comestibles
 f - 9 bread rations
 A - 5 meat rations
 R - 7 slices of pizza


   Skills:
 + Level 6.8 Fighting
 + Level 4.6(9.4) Short Blades
 * Level 12.5(12.8) Long Blades
 * Level 12.9 Bows
 + Level 4.1 Armour
 + Level 5.8 Dodging
 + Level 4.2 Stealth
 + Level 1.2 Invocations


You had 10 spell levels left.
You didn't know any spells.

Dungeon Overview and Level Annotations

Branches:
Dungeon (11/15)            Temple (1/1) D:7            Lair (1/6) D:9
    Orc (1/2) D:9

Altars:
Ashenzari
Cheibriados
Dithmenos
Elyvilon
Fedhas
Gozag
Hepliaklqana
Kikubaaqudgha
Makhleb
Nemelex Xobeh
Okawaru
Qazlal
Ru
Sif Muna
Trog
Uskayaw
Vehumet
Xom
Yredelemnul
Zin
The Shining One

Shops:
D:4 !   D:8 :*   D:9 (   D:10 ?   D:11 *   Orc:1 *

Annotations:
D:8 TryAgain's ghost, novice GrFi
Orc:1 Feta's ghost, journeyman HOFi


Innate Abilities, Weirdness & Mutations

You are partially covered in rugged brown scales. (AC +1, +3% HP)
You are agile. (Dex +2)
You can translocate small distances at will.
You are robust. (+10% HP)
You occasionally shout uncontrollably at your foes.


Message History

The four-headed hydra bites you but does no damage.
The spiny frog stings you but does no damage.
You climb upwards.
Welcome back to the Dungeon!
There is a staircase to the Lair here.
As you read the scroll of fear, it crumbles to dust.
You assume a fearsome visage.
The four-headed hydra easily resists.
The spiny frog looks frightened!
The four-headed hydra bites you!
* * * LOW HITPOINT WARNING * * *
The four-headed hydra bites you!
* * * LOW HITPOINT WARNING * * *
The four-headed hydra bites you but does no damage.
The four-headed hydra bites you.
* * * LOW HITPOINT WARNING * * *
You feel much better. The four-headed hydra bites you!
* * * LOW HITPOINT WARNING * * *
The four-headed hydra bites you!
* * * LOW HITPOINT WARNING * * *
The four-headed hydra bites you!
You die...
Your body rises from the dead as a mindless zombie.

.........#########...............
######...# #..#######...###
#...##### #...### #...#
######...#...#######)..####...###
............#....[..#............
..............#...#....#.########
##########...##PP.##...#.#
#.#..PPDPP..#...#
##########.#...P@P...#...#
...........#...P.PP..#.#.########
.............##.FP##.............
##########....#.[.#....###..#####
#..#.[.....#..# #.(#
#...#######...# #..#
#############..#######.###..#####
..............†.............)....
.............)...................


You could see a four-headed hydra and a spiny frog (fleeing).

Vanquished Creatures
  Sonja (D:10)
  An orc sorcerer (Orc:1)
  A cyclops (Orc:1)
  A troll (D:10)
  A two-headed ogre (D:8)
  A hippogriff (D:8)
  A shadow (D:8)
  A basilisk (Lair:1)
  Eustachio (D:6)
  10 yaks
  A human (D:7)
  4 hogs
  2 hungry ghosts
  2 water moccasins (Lair:1)
  A porcupine (Lair:1)
  2 orc warriors (D:9)
  2 ice beasts
  A black bear (D:10)
  2 sky beasts
  8 ogres
  4 centaurs
  The ghost of empire the Digger, an amateur GrEE of Sif Muna (Sewer)
  6 bullfrogs
  5 big kobolds
  Blork the orc (D:6)
  2 gnoll sergeants (D:6)
  A wyvern zombie (D:6)
  2 scorpions
  5 killer bees (D:8)
  A wight (D:6)
  A howler monkey (D:6)
  4 crimson imps
  3 centaur zombies
  2 bullfrog skeletons
  3 gnoll shamans (D:5)
  5 orc priests
  9 hounds
  4 orc wizards
  4 iguanas
  13 worker ants
  2 worker ant zombies
  A hound skeleton (D:9)
  A howler monkey zombie (D:6)
  39 gnolls
  18 adders
  A howler monkey skeleton (D:6)
  A river rat (Sewer)
  4 shadow imps
  3 adder skeletons
  2 worms
  6 leopard geckos
  30 orcs
  12 bats
  7 giant cockroaches
  8 goblins
  7 hobgoblins
  27 jackals
  34 kobolds
  7 quokkas
  A ball python (D:2)
  4 frilled lizards
  A quokka skeleton (D:6)
  8 rats
  2 fungi (D:9)
346 creatures vanquished.

Vanquished Creatures (collateral kills)
  A hill giant (D:10)
1 creature vanquished.

Vanquished Creatures (others)
  3 yak zombies (D:11)
  A big kobold zombie (D:10)
  An ogre zombie (D:10)
  A sky beast zombie (D:10)
  2 orc zombies (D:10)
  2 plants
10 creatures vanquished.

Grand Total: 357 creatures vanquished

Notes
Turn   | Place    | Note
-------+----------+-------------------------------------------
     0 | D:1      | doot the High Elf Hunter began the quest for the Orb.
     0 | D:1      | Reached XP level 1. HP: 14/14 MP: 2/2
   141 | D:1      | Reached XP level 2. HP: 19/19 MP: 3/3
   495 | D:1      | Reached XP level 3. HP: 24/24 MP: 4/4
  1286 | D:2      | Reached XP level 4. HP: 29/29 MP: 5/5
  2050 | D:2      | Reached skill level 1 in Short Blades
  2721 | D:3      | Reached XP level 5. HP: 34/34 MP: 6/6
  3482 | D:4      | Found Uweuj's Distillery.
  3608 | D:4      | Reached skill level 1 in Armour
  3817 | D:4      | Got an ichor-stained leather armour
  3828 | D:4      | Identified the +1 leather armour of Cazeluxa {Dex+4} (You found it on level 4 of the Dungeon)
  4089 | D:5      | Entered Level 5 of the Dungeon
  4102 | D:5      | Reached XP level 6. HP: 16/39 MP: 7/7
  4346 | D:5      | Found a glowing drain.
  4389 | Sewer    | Entered a sewer
  4447 | Sewer    | Noticed empire's ghost (amateur GrEE)
  4504 | Sewer    | Killed empire's ghost
  4545 | Sewer    | Reached skill level 1 in Long Blades
  4621 | Sewer    | Found a white marble altar of Elyvilon.
  4936 | D:5      | Reached XP level 7. HP: 45/45 MP: 8/8
  5400 | D:5      | Reached skill level 10 in Bows
  7203 | D:5      | Reached XP level 8. HP: 52/52 MP: 9/9
  8845 | D:6      | Reached skill level 5 in Long Blades
  9007 | D:6      | Noticed Blork the orc
  9053 | D:6      | Killed Blork the orc
  9276 | D:6      | Noticed Eustachio
  9367 | D:6      | Killed Eustachio
  9367 | D:6      | Reached XP level 9. HP: 46/58 MP: 10/10
 10636 | D:7      | Reached skill level 5 in Fighting
 10856 | D:7      | Reached skill level 5 in Dodging
 10960 | D:7      | Found a staircase to the Ecumenical Temple.
 10968 | Temple   | Entered the Ecumenical Temple
 11239 | Temple   | Became a worshipper of Yredelemnul the Dark
 11904 | D:8      | Found Seug Oty's Book Boutique.
 11938 | D:8      | Found a sand-covered staircase.
 12015 | D:8      | Noticed TryAgain's ghost (novice GrFi)
 12037 | D:8      | Found Maicaogu's Assorted Antiques.
 12070 | D:8      | Reached XP level 10. HP: 62/68 MP: 11/11
 12531 | D:8      | Reached * piety under Yredelemnul
 13602 | D:9      | Found a staircase to the Lair.
 14015 | D:9      | Found a staircase to the Orcish Mines.
 14136 | D:9      | Got a pair of brightly glowing gloves
 14147 | D:9      | Identified the +3 pair of gloves of the Imp {rF+ Slay+3} (You found it on level 9 of the Dungeon)
 14399 | D:9      | Reached ** piety under Yredelemnul
 14445 | D:9      | Found Geun Ci Voo's Antique Weapon Shop.
 14449 | D:9      | Bought a scorched great sword for 253 gold pieces
 14449 | D:9      | Identified the +7 great sword "Dourac" {slice, rPois} (You bought it in a shop on level 9 of the Dungeon)
 14671 | Orc:1    | Entered Level 1 of the Orcish Mines
 14671 | Orc:1    | Found Dealy's Assorted Antiques.
 14671 | Orc:1    | Noticed an orc sorcerer
 14677 | Orc:1    | Paralysed by an orc sorcerer for 6 turns
 14683 | Orc:1    | Killed an orc sorcerer
 14683 | Orc:1    | Reached skill level 10 in Long Blades
 15004 | D:9      | Gained mutation: You are agile. (Dex +2) [mutagenic meat]
 15006 | D:9      | Gained mutation: You can translocate small distances at will. [mutagenic meat]
 15007 | D:9      | Gained mutation: You are robust. (+10% HP) [mutagenic meat]
 15244 | D:10     | Entered Level 10 of the Dungeon
 15418 | D:10     | Noticed Sonja
 15521 | Orc:1    | Noticed a cyclops
 15536 | Orc:1    | Killed a cyclops
 15619 | Orc:1    | Noticed Feta's ghost (journeyman HOFi)
 15698 | Lair:1   | Entered Level 1 of the Lair of Beasts
 15894 | Lair:1   | Noticed a seven-headed hydra
 15895 | Lair:1   | Reached XP level 11. HP: 73/81 MP: 12/12
 16189 | D:10     | Reached *** piety under Yredelemnul
 16256 | D:10     | Got a steaming short sword
 16257 | D:10     | Identified the +10 short sword "Pumei" {pierce, *Contam rF+++} (You found it on level 10 of the Dungeon)
 16264 | D:10     | Gained mutation: You are partially covered in rugged brown scales. (AC +1, +3% HP) [potion of beneficial mutation]
 16266 | D:10     | Gained mutation: You occasionally shout uncontrollably at your foes. [mutagenic glow]
 16842 | D:10     | Killed Sonja
 16993 | D:10     | Found Zuutaxill's Magic Scroll Boutique.
 17284 | D:11     | Found Pasa Puw's Sacrilege Store.
 17290 | D:11     | Noticed a cyan ugly thing
 17298 | D:11     | Noticed a hill giant
 17484 | D:10     | Killed a hill giant
 17489 | D:10     | Reached skill level 1 in Invocations
 17748 | D:9      | Slain by a four-headed hydra

Skill      XL: |  1  2  3  4  5  6  7  8  9 10 11 |
---------------+----------------------------------+-----
Bows           | 6 7 8 9 10 11 12 | 12.9
Short Blades   | 1 2 4 |  4.6
Armour         | 1 2 3 4 |  4.1
Long Blades    | 1 2 5 8 11 12 | 12.5
Dodging        | 3 4 5 |  5.8
Fighting       | 3 4 5 6 |  6.8
Stealth        | 2 3 4 |  4.2
Invocations    | 1 |  1.2

Action                   |  1- 3 |  4- 6 |  7- 9 | 10-12 || total
-------------------------+-------+-------+-------+-------++-------
Melee: Short sword       |    30 |    64 |       |       ||    94
       Shortbow          |       |     7 |       |       ||     7
       Dagger            |       |    55 |   259 |    31 ||   345
       Falchion          |       |    49 |   277 |       ||   326
       Long sword        |       |       |    52 |    70 ||   122
       Great sword       |       |       |       |   171 ||   171
 Fire: Shortbow          |    64 |   142 |   151 |    58 ||   415
Invok: Animate Dead      |       |       |       |     8 ||     8
Evoke: Wand              |       |       |     1 |       ||     1
  Use: Potion            |     4 |     2 |     4 |    10 ||    20
       Scroll            |       |     9 |     5 |     2 ||    16
 Stab: Sleeping          |       |       |     4 |     9 ||    13
       Distracted        |       |       |     1 |       ||     1
  Eat: Chunk             |       |    13 |    21 |    17 ||    51
       Beef jerky        |       |       |     1 |     4 ||     5
       Meat ration       |       |       |       |     1 ||     1
Armor: Leather armour    |    17 |    76 |   172 |    87 ||   352
       Scale mail        |       |       |    25 |       ||    25
Dodge: Dodged            |    36 |   165 |   449 |   224 ||   874
       Rpst.: Falchion   |       |    11 |    60 |       ||    71
       Long sword        |       |       |    13 |    13 ||    26
       Great sword       |       |       |       |    48 ||    48
